 Dungeon Crawl Stone Soup version 0.29.1-2-gbd0b4ee654 (webtiles) character file.

Game seed: 1541361247565418315

5719 warborn304 the Basher (level 10, 0/86 HPs)
             Began as a Minotaur Berserker on Nov 16, 2022.
             Was an Elder of Trog.
             Slain by a fire elemental (3 damage)
             ... summoned by a deep elf pyromancer
             ... on level 9 of the Dungeon.
             The game lasted 00:08:25 (7986 turns).

warborn304 the Basher (Minotaur Berserker)          Turns: 7986, Time: 00:08:25

Health: 0/86       AC: 18    Str: 30    XL:     10   Next: 48%
Magic:  0/9        EV:  9    Int:  4    God:    Trog [****..]
Gold:   425        SH:  0    Dex:  9    Spells: 9/9 levels left

rFire   . . .      SeeInvis +   h - +2 mace "Killer Bee's Foe" {vorpal, Will+ Str+3}
rCold   . . .      Faith    .   (no shield)
rNeg    . . .      Spirit   +   i - +0 plate armour
rPois   .          Reflect  .   (helmet restricted)
rElec   .          Harm     .   d - +0 cloak
rCorr   .          Rampage  .   v - +0 pair of gloves
Will    +....                   g - +0 pair of boots
Stlth   ..........              l - amulet of guardian spirit
HPRegen 0.24/turn               u - ring of see invisible
MPRegen 0.11/turn               (no ring)

@: on berserk cooldown, slowed, very slow
A: horns 2, retaliatory headbutt, sense surroundings 1, MP-powered wands
a: Renounce Religion, Berserk, Trog's Hand, Brothers in Arms


You were on level 9 of the Dungeon.
You worshipped Trog.
Trog was greatly pleased with you.
You visited 1 branch of the dungeon, and saw 9 of its levels.

You collected 425 gold pieces.

Inventory:

Hand Weapons
 a - a +0 hand axe
 h - the +2 mace "Killer Bee's Foe" (weapon) {vorpal, Will+ Str+3}
   (You acquired it on level 3 of the Dungeon)

   It inflicts extra damage upon your enemies.
   Str:       It affects your strength (+3).
   Will:      It increases your willpower.
 p - the +8 falchion "Demonbane" {elec, Will+ Int+5}
   (You found it on level 2 of the Dungeon)

   It occasionally discharges a powerful burst of electricity upon striking a
   foe.
   Int:       It affects your intelligence (+5).
   Will:      It increases your willpower.
Armour
 b - a +0 animal skin
 d - a +0 cloak (worn)
 g - a +0 pair of boots (worn)
 i - a +0 plate armour (worn)
 v - a +0 pair of gloves (worn)
Jewellery
 l - an amulet of guardian spirit (around neck)
 u - a ring of see invisible (left hand)
Wands
 k - a wand of polymorph (8)
 r - a wand of light (11)
 C - a wand of roots (4)
Scrolls
 f - a scroll of torment {unknown}
 j - 3 scrolls of enchant armour {unknown}
 m - 6 scrolls of identify
 n - 2 scrolls of brand weapon
 o - 5 scrolls of magic mapping
 s - a scroll of teleportation
 w - a scroll of noise {unknown}
 x - a scroll of enchant weapon {unknown}
 y - a scroll of acquirement
 B - a scroll of silence {unknown}
Potions
 e - 5 potions of might
 q - 4 potions of curing
 t - a potion of attraction {unknown}
 z - a potion of mutation
 A - a potion of cancellation


   Skills:
 + Level 7.1 Fighting
 - Level 5.3(10.5) Axes
 * Level 14.0(14.3) Maces & Flails
 + Level 9.9 Armour
 + Level 3.1 Dodging
 + Level 0.7 Stealth


You had 9 spell levels left.
You didn't know any spells.
Your spell library was empty.

Dungeon Overview and Level Annotations

Branches:
Dungeon (9/15)             Temple (0/1) D:6
   Lair: D:8-11         Orc: D:9-12

Altars:
Dithmenos
Fedhas
Nemelex Xobeh

Annotations:
D:6 2 transporters, DocClef's ghost, novice GnFi
D:9 exclusion: obsidian statue


Innate Abilities, Weirdness & Mutations

You have a pair of horns on your head.
You reflexively headbutt those who attack you in melee.
You passively map a small area around you.
You expend magic power (3 MP) to strengthen your wands.


Message History

You destroy the shadow!
Trog accepts your kill.
You can now call in reinforcements.
The orc warrior hits you with a +0 flail.
* * * LOW HITPOINT WARNING * * *
A steam dragon comes into view.
Your Maces & Flails skill increases to level 14!
You hit the centaur.
The centaur is lightly wounded.
The centaur unwields a +0 shortbow.
The centaur hits you but does no damage.
The centaur barely misses you.
The orc warrior hits you but does no damage.
The centaur barely misses you.
The centaur kicks you but does no damage.
You're still recovering from your berserk rage.
You thump the centaur!
The centaur is almost dead.
The orc warrior hits you but does no damage.
The centaur hits you.
* * * LOW HITPOINT WARNING * * *
The centaur kicks you but does no damage.
You hit the centaur but do no damage. Your headbutt misses the centaur.
The centaur is almost dead.
The centaur hits you but does no damage.
The centaur barely misses you.
The howler monkey hoots and howls with incredible vigour!
The orc warrior hits you with a +0 flail.
* * * LOW HITPOINT WARNING * * *
The centaur hits you but does no damage.
The centaur closely misses you.
You sock the centaur!
You kill the centaur!
Trog accepts your kill. The steam dragon breathes steam at you.
The ball of steam hits you but does no damage.
The orc warrior hits you with a +0 flail!
* * * LOW HITPOINT WARNING * * *
The hornet is engulfed in blazing flames.
The fire elemental hits you. The fire elemental burns you!
You die...

...................
,
...................
....#.[†.h#.....#..
, * ###
#.###)#.###.#,. ,,
#....y#.h...# , *
,*.h$..#.h.he# .,.
* , .### #.###y#
,..#+ * , * ,
,#...Eo#D.... , ,
.....#@§§...... , *
.### #$........ * *
* , #.........,
.......... , * ** *
........... , , ,
........... ,
,..####+###<., , ,
, , .. ,, , ,


You could see a deep elf pyromancer, a hornet, a fire elemental (summoned), an
orc warrior and a howler monkey.

Vanquished Creatures
  A two-headed ogre (D:8)
  Pikel (D:7)
  A troll (D:9)
  A shadow (D:9)
  9 yaks (D:8)
  A wraith (D:5)
  Menkaure (D:7)
  An acid dragon (D:8)
  Duvessa (D:7)
  2 water moccasins (D:5)
  3 orc warriors
  A black bear (D:6)
  An ice beast (D:7)
  2 sky beasts (D:6)
  An ogre (D:6)
  2 centaurs (D:9)
  A lemure (D:7)
  3 phantoms (D:4)
  A kobold brigand (D:8)
  3 bullfrogs
  2 scorpions
  2 necrophages (D:6)
  3 wights (D:8)
  Dowan (D:7)
  5 killer bees
  A howler monkey (D:9)
  2 hounds (D:6)
  A gnoll bouda (D:5)
  3 iguanas
  4 orc wizards
  9 adders
  9 gnolls
  A shadow imp (D:5)
  A white imp (D:7)
  An ufetubus (D:5)
  A worm (D:3)
  2 dart slugs
  18 orcs
  5 endoplasms
  4 giant cockroaches
  A hobgoblin (D:3)
  2 quokkas (D:1)
  7 ball pythons
  6 frilled lizards
  7 goblins
  10 kobolds
  4 rats
149 creatures vanquished.

Notes
Turn   | Place    | Note
-------+----------+-------------------------------------------
     0 | D:1      | warborn304 the Minotaur Berserker began the quest for the
                  | Orb.
     0 | D:1      | Reached XP level 1. HP: 19/19 MP: 0/0
   320 | D:1      | Reached XP level 2. HP: 27/27 MP: 1/1
   389 | D:1      | Found a faded altar of an unknown god.
   871 | D:2      | Reached XP level 3. HP: 33/33 MP: 2/2
   946 | D:2      | Identified the +8 falchion "Demonbane" {elec, Will+ Int+5}
  1218 | D:3      | Reached ** piety under Trog
  1235 | D:3      | Reached skill level 5 in Axes
  1346 | D:3      | Reached XP level 4. HP: 34/40 MP: 1/3
  1586 | D:3      | Found a sparkling altar of Nemelex Xobeh.
  1818 | D:3      | Found a blossoming altar of Fedhas.
  1959 | D:3      | Identified a scroll of acquirement
  1959 | D:3      | Acquired the +2 mace "Killer Bee's Foe" {vorpal, Will+
                  | Str+3}
  2050 | D:4      | Noticed a scorpion
  2053 | D:4      | Killed a scorpion
  2054 | D:4      | Reached skill level 1 in Maces & Flails
  2054 | D:4      | Reached XP level 5. HP: 47/47 MP: 4/4
  2068 | D:4      | Reached skill level 2 in Maces & Flails
  2184 | D:4      | Found a shadowy altar of Dithmenos.
  2186 | D:4      | Noticed a phantom
  2198 | D:4      | Killed a phantom
  2199 | D:4      | Reached skill level 3 in Maces & Flails
  2202 | D:4      | Reached XP level 6. HP: 25/53 MP: 1/5
  2591 | D:4      | Reached skill level 4 in Maces & Flails
  2608 | D:4      | Reached skill level 5 in Armour
  3098 | D:5      | Entered Level 5 of the Dungeon
  3104 | D:5      | Reached *** piety under Trog
  3255 | D:5      | Reached XP level 7. HP: 60/60 MP: 4/6
  3265 | D:5      | Reached skill level 5 in Maces & Flails
  3543 | D:5      | Noticed a wraith
  3555 | D:5      | Killed a wraith
  3556 | D:5      | Reached skill level 5 in Fighting
  3576 | D:5      | Reached skill level 6 in Maces & Flails
  3937 | D:5      | Gained mutation: You passively map a small area around you.
                  | [potion of mutation]
  3937 | D:5      | Gained mutation: You expend magic power (3 MP) to
                  | strengthen your wands. [potion of mutation]
  4217 | D:5      | Reached XP level 8. HP: 66/68 MP: 7/7
  4218 | D:5      | Reached skill level 7 in Maces & Flails
  4554 | D:6      | Found a staircase to the Ecumenical Temple.
  4662 | D:6      | Reached skill level 8 in Maces & Flails
  4879 | D:6      | Reached skill level 9 in Maces & Flails
  4965 | D:6      | Found a transporter.
  4975 | D:6      | Found a transporter.
  4983 | D:6      | Noticed DocClef's ghost (novice GnFi)
  5534 | D:7      | Noticed Duvessa
  5534 | D:7      | Noticed Dowan
  5541 | D:7      | Killed Duvessa
  5542 | D:7      | Reached XP level 9. HP: 72/75 MP: 8/8
  5550 | D:7      | Killed Dowan
  5551 | D:7      | Reached skill level 10 in Maces & Flails
  6096 | D:7      | Noticed Pikel
  6114 | D:7      | Killed Pikel
  6115 | D:7      | Reached skill level 11 in Maces & Flails
  6293 | D:7      | Noticed Menkaure
  6299 | D:7      | Killed Menkaure
  6828 | D:8      | Reached skill level 12 in Maces & Flails
  7333 | D:8      | Reached XP level 10. HP: 71/84 MP: 7/9
  7350 | D:8      | Reached skill level 13 in Maces & Flails
  7587 | D:8      | Noticed a two-headed ogre
  7594 | D:8      | Killed a two-headed ogre
  7905 | D:9      | Noticed an obsidian statue
  7956 | D:9      | Noticed a deep elf pyromancer
  7965 | D:9      | HP: 4/129 [centaur/arrow (3)]
  7982 | D:9      | Reached **** piety under Trog
  7983 | D:9      | Reached skill level 14 in Maces & Flails
  7986 | D:9      | HP: 3/86 [orc warrior/+0 flail (10)]
  7986 | D:9      | Slain by a fire elemental

Illustrated notes

Levels and vault maps discovered:
D:1:      dpeg_arrival_snail, layout_rooms, hellmonk_ecumenical_altar_crossroads
D:2:      layout_loops_cross
D:3:      layout_basic, nemelex_diamond_rough_becter,
          nicolae_overflow_crystal_walls
D:4:      layout_loops_cross, grunt_dithmenos_smoke,
          minmay_misc_feat_more_columns
D:5:      layout_basic
D:6:      layout_basic, minmay_temple_entry_stoned_glass,
          gammafunk_ghost_stat_death
D:7:      layout_basic, uniq_menkaure, uniq_pikel, uniq_duvessa
D:8:      layout_loops_ring
D:9:      hangedman_cross_stitches, layout_gridville, minivault_15,
          minmay_misc_feat_encased, eino_house_with_fridge

Skill      XL: |  1  2  3  4  5  6  7  8  9 10 |
---------------+-------------------------------+-----
Axes           | 4 5 |  5.3
Fighting       | 4 5 6 7 |  7.1
Armour         | 3 4 5 6 7 9 |  9.9
Maces & Flails | 1 3 4 6 9 12 14 | 14.0
Dodging        | 3 |  3.1
Stealth        | |  0.7

Action                   |  1- 3 |  4- 6 |  7- 9 | 10-12 || total
-------------------------+-------+-------+-------+-------++-------
Melee: Hand axe          |    81 |     8 |       |       ||    89
       Headbutt          |     6 |     9 |    46 |    10 ||    71
       Mace              |       |    86 |   220 |    61 ||   367
       Punch             |       |     1 |     3 |     1 ||     5
Invok: Berserk           |       |     2 |       |     1 ||     3
  Use: Potion            |       |     7 |     5 |     2 ||    14
       Scroll            |       |     5 |     4 |       ||     9
Armor: Animal skin       |     4 |       |       |       ||     4
       Plate armour      |    36 |    57 |   130 |    51 ||   274
Dodge: Dodged            |    33 |    41 |    73 |    43 ||   190
